 Dungeon Crawl Stone Soup version 0.29.1-13-g9f3cf754e1 (webtiles) character file.

Game seed: 3753154574931107992

31 H0rd4k the Charlatan (level 3, 0/24 HPs)
             Began as an Octopode Artificer on Jan 30, 2023.
             Slain by a goblin
             ... wielding a +0 club
             ... led by Robin
              (2 damage)
             ... on level 2 of the Dungeon.
             The game lasted 00:01:34 (1082 turns).

H0rd4k the Charlatan (Octopode Artificer)           Turns: 1082, Time: 00:01:35

Health: 0/24       AC:  1    Str: 11    XL:     3   Next: 22%
Magic:  5/5        EV: 13    Int: 15    God:
Gold:   60         SH:  0    Dex: 12    Spells: 4/4 levels left

rFire   . . .      SeeInvis .     - Unarmed
rCold   . . .      Faith    .   (no shield)
rNeg    . . .      Spirit   .   (helmet restricted)
rPois   .          Reflect  .   (no amulet)
rElec   .          Harm     .   (no ring)
rCorr   .          Rampage  .   (no ring)
Will    .....                   (no ring)
Stlth   +++.......              (no ring)
HPRegen 0.08/turn               (no ring)
MPRegen 0.09/turn               (no ring)
                                (no ring)
                                (no ring)

@: no status effects
A: almost no armour, amphibious, 8 rings, camouflage 1, gelatinous body 1,
(nimble swimmer 1), tentacles
a: no special abilities


You were on level 2 of the Dungeon.
You visited 1 branch of the dungeon, and saw 2 of its levels.

You collected 60 gold pieces.

Inventory:

Missiles
 e - 3 poisoned darts
Armour
 g - an orb of mayhem
Wands
 b - a wand of flame (15) (quivered)
 c - a wand of charming (15)
 d - a wand of iceblast (5)
Scrolls
 f - a scroll of identify {unknown}
Potions
 a - a potion of attraction {unknown}
 h - a potion of lignification {unknown}


   Skills:
 * Level 2.0 Fighting
 - Level 2.3 Dodging
 - Level 1.3 Stealth
 + Level 1.0 Unarmed Combat
 * Level 1.4 Spellcasting
 - Level 3.2 Evocations


You had 4 spell levels left.
You didn't know any spells.
Your spell library was empty.

Dungeon Overview and Level Annotations

Branches:
Dungeon (2/15)

Altars:

Annotations:
D:2 Robin


Innate Abilities, Weirdness & Mutations

You cannot wear most types of armour.
You are amphibious.
You can wear up to eight rings at the same time.
Your skin changes colour to match your surroundings (Stealth+).
Your rubbery body absorbs attacks. (AC +1, EV +1)
((You are camouflaged when in or above water. (Stealth+)))
You have tentacles for arms and can constrict up to eight enemies at once.


Message History

You closely miss the goblin. You grab the goblin. You constrict the goblin.
Robin roars a battlecry!
The goblins go into a battle-frenzy!
The goblin closely misses you. The goblin misses you.
You tentacle-slap the goblin.
You kill the goblin!
A ball python comes into view.
The goblin hits you with a +0 dagger. The goblin attacks as you move away!
The goblin closely misses you. Robin throws the goblin at you!
The goblin hits you with a +0 club.
The goblin unwields a +0 dagger.
The goblin wields a +0 sling.
The goblin shoots a sling bullet.
The sling bullet barely misses you.
The sling bullet closely misses the goblin.
You hear a shout!
Things that are here:
a +0 club; a goblin corpse You tentacle-slap the goblin but do no damage.
You grab the goblin. You squeeze the goblin.
The goblin is moderately wounded.
You constrict the goblin.
Robin roars a battlecry!
The goblin completely misses you.
The goblin shoots a sling bullet.
The sling bullet closely misses you.
The sling bullet barely misses the goblin.
You tentacle-slap the goblin.
You kill the goblin!
A goblin comes into view. It is wielding a +0 dagger.
The goblin shoots a sling bullet.
The sling bullet hits you. Robin throws the goblin at you!
The goblin hits you with a +0 club.
* * * LOW HITPOINT WARNING * * *
The goblin shoots a sling bullet.
The sling bullet hits you.
* * * LOW HITPOINT WARNING * * *
You hear a shout!
Things that are here:
a +0 club; a +0 robe The goblin shoots a sling bullet.
The sling bullet hits you.
* * * LOW HITPOINT WARNING * * *
You hear an angry hiss.
The goblin attacks as you move away! The goblin hits you with a +0 club.
You die...

#....#8 #...
##.#.#####...
#.#.........
#...........
#########.###.#..
##.........# #.#..
###...######†# #.#..
#............###....
.....#@g.#####.........
#### ##)## #.#####...
#)# #. #... #.#
#.#####... #g#
#.........


ggg .#.####.> #.... .#.####.. ..g... ......... ##.g...# .#.#####. You could see
Robin and 4 goblins.

Vanquished Creatures
  2 ball pythons
  3 endoplasms
  A giant cockroach (D:1)
  8 goblins
  6 hobgoblins
  2 bats (D:1)
  2 frilled lizards (D:1)
  A kobold (D:2)
  A rat (D:1)
26 creatures vanquished.

Notes
Turn   | Place    | Note
-------+----------+-------------------------------------------
     0 | D:1      | H0rd4k the Octopode Artificer began the quest for the Orb.
     0 | D:1      | Reached XP level 1. HP: 13/13 MP: 1/1
   107 | D:1      | Reached XP level 2. HP: 5/18 MP: 1/3
   171 | D:1      | Reached skill level 1 in Spellcasting
   903 | D:1      | You fall into a shaft and drop 1 floor!
   918 | D:2      | Reached XP level 3. HP: 24/24 MP: 4/4
   958 | D:2      | Found a faded altar of an unknown god.
  1049 | D:2      | Reached skill level 1 in Unarmed Combat
  1072 | D:2      | Noticed Robin
  1082 | D:2      | Slain by a goblin

Illustrated notes

Levels and vault maps discovered:
D:1:      roderic_octagonal_star, layout_rooms, minmay_misc_feat_five,
          wander_ebering_terrifying_dragon_lair
D:2:      layout_loops_ring, dreamdust_ecumenical_altar_angels_and_demons,
          uniq_robin

Skill      XL: |  1  2  3 |
---------------+----------+-----
Spellcasting   | 1 |  1.4
Fighting       | 2 |  2.0
Unarmed Combat | 1 |  1.0
Dodging        | |  2.3
Stealth        | |  1.3
Evocations     | |  3.2

Action                   || total
-------------------------++-------
Melee: Unarmed           ||    60
       Constrict         ||    17
       Tentacles         ||    12
       Punch             ||     1
 Stab: Sleeping          ||     4
Armor: Skin              ||     9
Dodge: Dodged            ||    35
